 Dungeon Crawl Stone Soup version 0.32-a0-616-g9348d45 (webtiles) character file.

Game seed: 9983011832003081889

11036 Dorkslayer the Cleaver (level 11, 0/80 (83) HPs)
             Began as a Human Fighter on Mar 5, 2024.
             Was an Initiate of Gozag.
             Slain by a sixfirhy (10 damage)
             ... summoned by an orc sorcerer
             ... on level 2 of the Orcish Mines.
             The game lasted 00:38:07 (8708 turns).

Dorkslayer the Cleaver (Human Fighter)              Turns: 8708, Time: 00:38:08

HP:   0/80 (83)     AC: 21    Str: 26    XL:     11   Next: 71%
MP:   11/11         EV:  9    Int:  7    God:    Gozag
Gold: 982           SH: 10    Dex: 17    Spells: 10/10 levels left

rFire   + . .        y - +7 broad axe (flame)
rCold   + . .        v - +0 kite shield
rNeg    . . .        K - +2 plate armour {rC+}
rPois   .            (helmet restricted)
rElec   .            k - +2 cloak {Stlth+}
rCorr   .            B - +3 pair of gauntlets of War {Slay+5}
SInv    .            (no boots)
Will    .....        l - amulet of Vitality {Regen++ RegenMP++} Stlth
                     i - ring of protection from fire
HPRegen 1.93/turn    t - +6 ring of strength
MPRegen 0.92/turn

%: no passive effects
@: gold aura, hasted, lightly drained, very quick
A: explore regen, horns 1, agile 1
a: Renounce Religion, Potion Petition, Call Merchant, Bribe Branch


You were on level 2 of the Orcish Mines.
You worshipped Gozag.
Gozag was pleased with you.
You visited 3 branches of the dungeon, and saw 12 of its levels.
You also visited: Ossuary.

You collected 2608 gold pieces.
You spent 1568 gold pieces at shops.
You paid 58 gold pieces to Gozag.

Inventory:

Hand Weapons
 a - a +0 heavy war axe
 y - a +7 broad axe of flaming (weapon)
Missiles
 m - 10 atropa-tipped darts
 o - 2 curare-tipped darts (quivered)
 s - 11 boomerangs
 w - 7 javelins
Armour
 d - a +0 helmet
 k - a +2 cloak of stealth (worn)
 v - a +0 kite shield (worn)
 B - the +3 pair of gauntlets of War (worn) {Slay+5}
   (You acquired it on level 2 of the Dungeon)

   Slay+5:    It affects your accuracy & damage with ranged weapons and melee
   (+5).
 K - a +2 plate armour of cold resistance (worn)
Jewellery
 i - a ring of protection from fire (left hand)
 l - the amulet of Vitality (around neck) {Regen++ RegenMP++}
   (You found it on level 7 of the Dungeon)

   [amulet of nothing]

   Regen++:   It increases your rate of health regeneration.
   RegenMP++: It increases your rate of magic regeneration.
 t - a +6 ring of strength (right hand)
 G - a ring of poison resistance
Wands
 b - a wand of iceblast (2)
 h - a wand of polymorph (14)
 j - a wand of paralysis (6)
 n - a wand of flame (65)
Scrolls
 g - 2 scrolls of fear
 p - 3 scrolls of fog
 q - 4 scrolls of poison
 u - 2 scrolls of brand weapon
 z - 3 scrolls of teleportation
 C - 3 scrolls of immolation
 H - a scroll of summoning
 I - a scroll of identify
Potions
 c - a potion of heal wounds
 e - 5 potions of curing
 f - a potion of mutation
 r - a potion of magic
 x - a potion of invisibility {unknown}
 A - a potion of lignification {unknown}
 E - a potion of resistance {unknown}


   Skills:
 + Level 6.4 Fighting
 * Level 12.9 Axes
 + Level 1.5 Throwing
 + Level 5.4 Armour
 * Level 6.1 Dodging
 + Level 1.3 Stealth
 + Level 5.3 Shields
 * Level 7.2 Evocations


You had 10 spell levels left.
You didn't know any spells.
Your spell library contained the following spells:

 Spells                   Type           Power      Damage    Failure   Level
 Apportation              Tloc           0%         N/A       100%        1
 Magic Dart               Conj           0%         1d3       100%        1
 Necrotise                Necr           0%         1d4       100%        1
 Shock                    Conj/Air       0%         1d3       100%        1
 Sting                    Conj/Alch      0%         1d3       100%        1
 Summon Small Mammal      Summ           0%         N/A       100%        1
 Lesser Beckoning         Tloc           0%         N/A       100%        2
 Gell's Gravitas          Tloc           0%         N/A       100%        3
 Hailstorm                Conj/Ice       0%         3d5       100%        3
 Swiftness                Air            0%         N/A       100%        3
 Teleport Other           Tloc           0%         N/A       100%        3
 Airstrike                Air            0%         2d(0-16)  100%        4


Dungeon Overview and Level Annotations

Branches:
Dungeon (9/15)             Temple (1/1) D:4            Lair (0/5) D:8
    Orc (2/2) D:9             Elf (0/3) Orc:2       Ossuary (visited)

Altars:
Ashenzari
Cheibriados
Dithmenos
Elyvilon
Fedhas
Gozag
Hepliaklqana
Kikubaaqudgha
Makhleb
Nemelex Xobeh
Okawaru
Qazlal
Ru
Sif Muna
Trog
Uskayaw
Vehumet
Wu Jian
Xom
Yredelemnul
Zin
The Shining One

Shops:
D:2 ?*   D:8 =   Orc:1 :   Orc:2 :

Annotations:
Orc:2 Nergalle


Innate Abilities, Weirdness & Mutations

You regain HP and MP as you explore.
You have a pair of small horns on your head.
You are agile. (Dex +4, Str/Int -1)


Message History

You kill the orc!
Nergalle gestures at the orc while chanting.
The orc seems to speed up.
The orc sorcerer is distracted by your dazzling golden aura.
The orc knight roars a battlecry!
The orcs go into a battle-frenzy!
The orc sorcerer shouts!
You slash Nergalle! You burn Nergalle. You headbutt Nergalle.
Nergalle is almost dead.
You slash the orc! You burn the orc.
You kill the orc!
You hear a shout!
The orc high priest invokes the aid of Beogh against you.
Beogh smites you!
An orc warrior comes into view. It is wielding a +0 halberd.
Nergalle is distracted by your dazzling golden aura.
The ogre is distracted by your dazzling golden aura.
The orc knight roars a battlecry!
An orc comes into view. It is wielding a +0 flail.
The ogre shouts!
Nergalle shouts!
Aiming: Iceblast
Press: ? - help, Shift-Dir - straight line The mass of ice explodes!
The iceblast engulfs the orc knight!!
The orc knight is moderately wounded.
The iceblast engulfs the orc!
You kill the orc!
The iceblast engulfs Nergalle.
Nergalle is almost dead.
Nergalle is no longer distracted by gold.
You hear a shout! x3
The sixfirhy hits you.
* * * LOW HITPOINT WARNING * * *
The sixfirhy shocks you!
* * * LOW HITPOINT WARNING * * *
An orc wizard comes into view. It is wielding a +3 dagger.
The sixfirhy hits you.
* * * LOW HITPOINT WARNING * * *
The sixfirhy shocks you!
You die...
Your body crumbles into a pile of gold.

**,,,,,,....##.)...........#)))##
,**,,,,,......##...#......#.#)###
*,,*,,,,.#..##*#................#
****,,,,,##**,∩#.$...............
,***ß,,,ß***,,,#.<$)....#........
,,**,,,,,**,,,##$.$$.........###.
,,,*,,,,,*,,,##...............#..
*,,,,,,,,,,,*#..$..........#.....
**,,,,,,,,,**###@$..>......#.....
,,,,,,*,,oo..ßo3o.......<...#....
,,,,,,,,,oooo.o.............)##.#
,,,,*,_,*.O.O.....#..............
,,,,,,,,,.o.o....................
,,,,,,*,,....ß..#.......#.....#..
**,,,,,,,o.#####................)
*,,,,,,,,o.,**,#..#..............
,,,*,,,,,*,,,**..................


You could see an orc knight, Nergalle (strong), an orc high priest (strong), a
two-headed ogre, a sixfirhy (summoned), an orc sorcerer (strong), 4 orc
warriors, an ogre, an orc wizard (strong) and 4 orcs.

Vanquished Creatures
  A two-headed ogre (D:7)
  A boulder beetle (D:7)
  An orc high priest (Orc:2)
  An orc knight (Orc:2)
  An oklob plant (D:8)
  2 kobold demonologists (D:9)
  Maggie (D:6)
  3 trolls
  2 hornets
  A wyvern (D:9)
  5 yaks (D:8)
  3 wargs (Orc:2)
  A water moccasin (D:6)
  A sky beast (D:6)
  A swamp drake (D:9)
  12 orc warriors
  5 centaurs
  4 ogres
  A phantom (D:7)
  6 kobold brigands
  2 elf zombies (Ossuary)
  2 gnoll sergeants
  2 scorpions
  A bullfrog (D:9)
  5 wights
  5 killer bees (D:9)
  A centaur zombie (Ossuary)
  2 howler monkeys
  4 hounds
  3 human zombies (Ossuary)
  9 orc priests
  4 bombardier beetles (D:5)
  A gnoll bouda (D:5)
  A jelly (D:6)
  3 iguanas
  A sleepcap (D:5)
  20 orc wizards
  6 hound zombies (Ossuary)
  3 mummies
  Robin (D:2)
  12 gnolls
  7 adders
  A white imp (D:7)
  2 ufetubi (D:7)
  9 adder zombies (Ossuary)
  2 ribbon worms
  2 dart slugs
  50 orcs
  6 ball pythons
  2 bats
  3 endoplasms
  2 giant cockroaches (D:2)
  2 gnoll zombies (Ossuary)
  13 goblins
  9 hobgoblins
  21 kobolds
  2 quokkas
  A frilled lizard (D:2)
  A hobgoblin zombie (D:6)
  5 jackal zombies (Ossuary)
  3 kobold zombies
  7 orc zombies (Ossuary)
  6 rats
297 creatures vanquished.

Notes
Turn   | Place    | Note
-------+----------+-------------------------------------------
     0 | D:1      | Dorkslayer the Human Fighter began the quest for the Orb.
     0 | D:1      | Reached XP level 1. HP: 18/18 MP: 1/1
   752 | D:2      | Reached XP level 2. HP: 24/24 MP: 2/2
   777 | D:2      | Reached skill level 1 in Dodging
   816 | D:2      | Found Elioxag's Magic Scroll Shoppe.
   834 | D:2      | Noticed Robin
   842 | D:2      | Reached XP level 3. HP: 11/29 MP: 3/3
   850 | D:2      | Killed Robin
   851 | D:2      | Reached skill level 3 in Axes
   883 | D:2      | Reached XP level 4. HP: 32/35 MP: 4/4
  1002 | D:2      | Found a white marble altar of Elyvilon.
  1032 | D:2      | Found Jolej's Assorted Antiques.
  1040 | D:2      | Bought a fuming puce potion for 22 gold pieces
  1084 | D:2      | Bought a scroll of identify for 26 gold pieces
  1089 | D:2      | Gained mutation: You have a pair of small horns on your
                  | head. [potion of mutation]
  1089 | D:2      | Gained mutation: You are agile. (Dex +4, Str/Int -1)
                  | [potion of mutation]
  1211 | D:3      | Found a sacrificial altar of Ru.
  1901 | D:4      | Reached XP level 5. HP: 34/41 MP: 5/5
  2144 | D:4      | Found a staircase to the Ecumenical Temple.
  2153 | Temple   | Entered the Ecumenical Temple
  2206 | Temple   | Became a worshipper of Gozag Ym Sagoz the Greedy
  2246 | D:4      | Found a glowing golden altar of the Shining One.
  2610 | D:4      | Reached skill level 4 in Axes
  2610 | D:4      | Reached skill level 1 in Evocations
  2623 | D:4      | Noticed an ogre
  2627 | D:4      | Killed an ogre
  2628 | D:4      | Reached XP level 6. HP: 31/47 MP: 6/6
  2758 | D:4      | Found a hazy altar of Hepliaklqana.
  2958 | D:5      | Entered Level 5 of the Dungeon
  2975 | D:5      | Reached skill level 5 in Axes
  2997 | D:5      | Reached XP level 7. HP: 52/52 MP: 7/7
  3270 | D:5      | Reached skill level 6 in Axes
  3431 | D:5      | Reached XP level 8. HP: 57/59 MP: 8/8
  3615 | D:6      | Noticed Maggie
  3623 | D:6      | Killed Maggie
  3624 | D:6      | Reached skill level 1 in Stealth
  3635 | D:6      | Reached skill level 7 in Axes
  3643 | D:6      | Reached skill level 1 in Throwing
  3649 | D:6      | HP: 1/60 [gnoll/+0 spear[a gnoll bouda] (5)]
  3821 | D:6      | Reached XP level 9. HP: 58/65 MP: 9/9
  3844 | D:6      | Found a sand-covered staircase.
  3851 | Ossuary  | Entered an ossuary
  3928 | Ossuary  | Reached skill level 8 in Axes
  4631 | D:2      | Bought a scroll of acquirement for 676 gold pieces
  4631 | D:2      | Bought a scroll of fog for 52 gold pieces
  4631 | D:2      | Bought a scroll of immolation for 52 gold pieces
  4631 | D:2      | Bought a scroll of identify for 26 gold pieces
  4631 | D:2      | Acquired the +3 pair of gauntlets of War {Slay+5}
  4631 | D:2      | Found the +3 pair of gauntlets of War {Slay+5}
  4767 | D:7      | Noticed a troll
  4782 | D:7      | Noticed a boulder beetle
  4790 | D:7      | Noticed a two-headed ogre
  4790 | D:7      | Noticed a troll
  5064 | D:7      | Found the amulet of Vitality {Regen++ RegenMP++}
  5110 | D:7      | Found a transporter.
  5230 | D:7      | Found a transporter.
  5306 | D:7      | Reached skill level 9 in Axes
  5324 | D:7      | Killed a two-headed ogre
  5325 | D:7      | Reached skill level 5 in Evocations
  5325 | D:7      | Reached XP level 10. HP: 73/73 MP: 10/10
  5326 | D:7      | Reached skill level 10 in Axes
  5330 | D:7      | Killed a boulder beetle
  5337 | D:7      | Reached skill level 5 in Fighting
  5340 | D:7      | Reached skill level 11 in Axes
  5490 | D:8      | Found a white marble altar of Elyvilon.
  5564 | D:8      | Found a staircase to the Lair.
  5704 | D:8      | Found Uwetor's Jewellery Boutique.
  5730 | D:8      | Reached skill level 5 in Dodging
  5826 | D:8      | Found a bloodstained altar of Trog.
  5862 | D:8      | Bought a +6 ring of strength for 468 gold pieces
  6062 | D:8      | Found a blossoming altar of Fedhas.
  6145 | D:8      | Noticed an oklob plant
  6157 | D:8      | Killed an oklob plant
  6337 | D:8      | Reached skill level 5 in Armour
  6863 | D:9      | Reached XP level 11. HP: 80/80 MP: 11/11
  7170 | D:9      | Got Sif Muna's Codex of the Glowing Compass
  7313 | D:9      | Reached skill level 12 in Axes
  7317 | D:9      | Reached skill level 5 in Shields
  7346 | D:9      | Found a staircase to the Orcish Mines.
  7559 | D:9      | Found a snail-covered altar of Cheibriados.
  7779 | D:2      | Bought a scroll of summoning for 123 gold pieces
  7779 | D:2      | Bought a scroll of identify for 26 gold pieces
  7779 | D:2      | Bought a scroll of revelation for 97 gold pieces
  7927 | Orc:1    | Entered Level 1 of the Orcish Mines
  8130 | Orc:1    | Found Unua's Book Emporium.
  8234 | Orc:2    | Entered Level 2 of the Orcish Mines
  8234 | Orc:2    | Found a staircase to the Elven Halls.
  8477 | Orc:2    | Found Reloruul's Book Emporium.
  8478 | Orc:2    | Noticed an orc high priest
  8503 | Orc:2    | Killed an orc high priest
  8686 | Orc:2    | Noticed an orc knight
  8688 | Orc:2    | Noticed a two-headed ogre
  8698 | Orc:2    | Noticed Nergalle
  8699 | Orc:2    | Killed an orc knight
  8703 | Orc:2    | Noticed an orc sorcerer
  8703 | Orc:2    | Noticed an orc knight
  8704 | Orc:2    | Noticed a sixfirhy
  8704 | Orc:2    | Noticed an orc high priest
  8708 | Orc:2    | Slain by a sixfirhy

Illustrated notes

Levels and vault maps discovered:
D:1:      saegor_arrival_simple_d, layout_basic
D:2:      layout_rooms, basic_altar, serial_shops, shop, shop,
          minmay_box_of_dots, uniq_robin
D:3:      layout_loops_cross, lemuel_tele_altar
D:4:      layout_basic, mainiacjoe_overflow_tiny_flanked,
          mainiacjoe_overflow_small_starburst, minmay_temple_entry_stoned_glass
D:5:      layout_cave_pools
D:6:      layout_rooms, nicolae_ossuary_entry_giza, uniq_maggie
D:7:      gammafunk_the_bubble [the_bubble_gammafunk_plus_minus], layout_basic,
          corexii_checkpoint
D:8:      layout_loops_corners, elyvilon_altar_1, tgw_fedhas,
          mainiacjoe_overflow_cross_hatched, dpeg_oklobed_lair, serial_shops,
          nicolae_shop_gaudy_bauble
D:9:      layout_roguey, nicolae_overflow_crystal_walls, erik_orc_1
Temple:   nicolae_temple_superstar
Orc:1:    layout_caves, serial_shops, shop
Orc:2:    grunt_orc_cross, layout_caves, serial_shops,
          nicolae_shop_tiny_waterfront

Skill      XL: |  1  2  3  4  5  6  7  8  9 10 11 |
---------------+----------------------------------+-----
Dodging        | 1 2 3 4 5 6 |  6.1
Axes           | 3 4 5 6 7 9 11 12 | 12.9
Evocations     | 1 2 3 5 6 7 |  7.2
Stealth        | 1 |  1.3
Shields        | 4 5 |  5.3
Armour         | 4 5 |  5.4
Throwing       | 1 |  1.5
Fighting       | 4 5 6 |  6.4

Action                     |  1- 3 |  4- 6 |  7- 9 | 10-12 || total
---------------------------+-------+-------+-------+-------++-------
  Melee: War axe           |    47 |    88 |   147 |       ||   282
         Headbutt          |       |    10 |    35 |    97 ||   142
         Broad axe         |       |       |    48 |   341 ||   389
  Throw: Dart              |       |     3 |    12 |     7 ||    22
  Evoke: Wand              |       |       |     5 |     9 ||    14
    Use: Potion            |     3 |     1 |     6 |     2 ||    12
         Scroll            |       |    11 |    14 |     2 ||    27
   Stab: Distracted        |       |     1 |     1 |     2 ||     4
         Invisible         |       |       |     1 |       ||     1
         Paralysed         |       |       |       |     1 ||     1
 Armour: Scale mail        |    35 |    69 |     2 |       ||   106
         Chain mail        |       |       |   188 |       ||   188
         Plate armour      |       |       |     8 |   142 ||   150
  Dodge: Dodged            |    41 |    48 |   100 |    59 ||   248
  Block: Buckler           |    15 |    25 |    77 |    13 ||   130
         Kite shield       |       |       |       |    75 ||    75

Table legend: (Time is in decaauts)
 A = Elapsed time spent in this place.
 B = Non-inter-level travel time spent in this place.
 C = Inter-level travel time spent in this place.
 D = Time resting spent in this place.
 E = Time spent auto-exploring this place.
 F = Levels seen in this place.
 G = Mean time per level.
                   A        B        C        D        E       F      G
               +--------+--------+--------+--------+--------+-----+--------+
         Total |   8927 |   8503 |    424 |    209 |   3303 |  13 |  686.7 |
       Dungeon |   7733 |   7310 |    423 |    209 |   3226 |   9 |  859.2 |
        Temple |     84 |     84 |      0 |      0 |      0 |   1 |   84.0 |
  Orcish Mines |    782 |    782 |      0 |      0 |     77 |   2 |  391.0 |
       Ossuary |    326 |    326 |      0 |      0 |      0 |   1 |  326.0 |
               +--------+--------+--------+--------+--------+-----+--------+

Top non-repeatable levels by time:
     D:8: 1406 daAuts
     D:4: 1052 daAuts
     D:9: 883 daAuts
     D:5: 824 daAuts
     D:3: 806 daAuts
     D:7: 755 daAuts
     D:1: 748 daAuts
     D:6: 695 daAuts
     D:2: 560 daAuts
   Orc:2: 474 daAuts
 Ossuary: 326 daAuts
   Orc:1: 308 daAuts
  Temple: 84 daAuts
